AoeStats
← Elmaynard

Arabia

510098804Analyzed
1v1 RM · 3d ago on Sep 29, 2026· 35m 40s· 2 players
Game mode
Random Map
Map size
Tiny (2 player)
Population
200
Speed
Normal
Resources
Standard
Victory
Conquest
Starting age
Dark Age
Ending age
Imperial Age
RankedLock teamsTeams togetherTeam positionsShared explorationLock speedFull tech treeHidden civsTurbo modeCheats
Victory
Defeat
🇮🇱 Vietnamese · Israel
963
+16
🇦🇷 Bulgarians · Argentina
955
-46
Elmaynard
10:34 Feudal Age
11:31 Horse Collar
12:59 Wheelbarrow
14:24 Double-Bit Axe
21:28 Padded Archer Armor
26:18 Gold Mining
28:45 Castle Age
27:22 Forging
27:16 Scale Mail Armor
27:07 Fletching
27:13 Stone Mining
30:50 Scale Barding Armor
Randl
7:37 Loom
10:42 Feudal Age
11:39 Double-Bit Axe
11:45 Town Watch
13:04 Horse Collar
19:06 Fletching
21:43 Castle Age
22:00 Wheelbarrow
21:31 Padded Archer Armor
21:52 Crossbowman
23:04 Squires
23:07 Scale Mail Armor
23:34 Bow Saw
24:33 Bodkin Arrow
24:56 Chain Mail Armor
27:05 Forging
27:15 Gold Mining
32:16 Iron Casting
Connection lost

Rejoining the realm…

Still unreachable

The connection could not be restored.

Session expired

The server has moved on; the page needs a fresh start.